 Dungeon Crawl Stone Soup version 0.31-a0-175-g9f7f995f2b (webtiles) character file.

Game seed: 9929647134447707789

410 qw the Shooter (level 6, 0/38 HPs)
             Began as a Gargoyle Hunter on June 16, 2023.
             Slain by an orc wizard
             ... wielding a +0 dagger
              (2 damage)
             ... on level 4 of the Dungeon.
             The game lasted 00:01:10 (2596 turns).

qw the Shooter (Gargoyle Hunter)                    Turns: 2596, Time: 00:01:10

Health: 0/38       AC: 14    Str: 14    XL:     6   Next: 89%
Magic:  6/6        EV: 12    Int: 10    God:
Gold:   65         SH:  0    Dex: 18    Spells: 5/5 levels left

rFire   . . .        Y - +0 shortbow
rCold   . . .        (shield currently unavailable)
rNeg    + . .        k - +4 leather armour of the Centipede {Dex+3}
rPois   inf          g - +0 helmet
rElec   +            c - +0 cloak
rCorr   .            (no gloves)
SInv    .            f - +0 pair of boots
Will    .....        (no amulet)
Stlth   +            (no ring)
HPRegen 0.26/turn    (no ring)
MPRegen 0.10/turn

%: no passive effects
@: confused
A: sickness immunity, AC +4, negative energy resistance 1, electricity
resistance, torment resistance 1, petrification resistance
a: no special abilities


You were on level 4 of the Dungeon.
You visited 1 branch of the dungeon, and saw 4 of its levels.

You collected 155 gold pieces.
You spent 90 gold pieces at shops.


Innate Abilities, Weirdness & Mutations

You are immune to sickness and miasma.
Your stone body is resilient. (AC +4)
You are immune to poison.
You resist negative energy. (rN+)
You are resistant to electric shocks. (rElec)
You are resistant to unholy torment.
You are immune to petrification.


   Skills:
 - Level 4.0 Fighting
 - Level 7.1 Ranged Weapons
 - Level 1.7 Armour
 + Level 1.5 Dodging
 - Level 1.1 Stealth


You had 5 spell levels left.
You didn't know any spells.
Your spell library was empty.

Inventory:

Hand Weapons
 Y - a +0 shortbow (weapon)
Armour
 a - a +0 pair of gloves
 c - a +0 cloak (worn)
 f - a +0 pair of boots (worn)
 g - a +0 helmet (worn)
 k - the +4 leather armour of the Centipede (worn) {Dex+3}
   (You found it on level 3 of the Dungeon)

   Dex:       It affects your dexterity (+3).
Scrolls
 j - a scroll of identify
 l - a scroll of vulnerability {unknown}
Potions
 b - a potion of ambrosia {unknown}
 d - a potion of attraction {unknown}
 e - 2 potions of heal wounds
 h - a potion of resistance {unknown}

Dungeon Overview and Level Annotations

Branches:
Dungeon (4/15)
 Temple: D:4-7

Altars:
Zin

Shops:
D:1 [


Message History

The puff of flame hits you. Something hits you but does no damage.
You shoot an arrow.
Something hits you but does no damage. x3
You hear some strange, mumbled words.
A magic dart appears from out of thin air!
The magic dart hits you but does no damage.
You shoot an arrow. Something hits you. Something hits you but does no damage.
You shoot an arrow.
Reactivating autopickup.
You feel a bit more experienced. Something hits you but does no damage.
Deactivating autopickup; reactivate with Ctrl-A.
Your Fighting skill increases to level 4!
You shoot an arrow. Something barely misses you.
You shoot an arrow.
You hear some strange, mumbled words.
A magic dart appears from out of thin air!
The magic dart hits you.
You shoot an arrow. Something hits you.
You shoot an arrow.
You hear some strange, mumbled words.
A puff of flame appears from out of thin air!
The puff of flame hits you! Something hits you but does no damage.
You shoot an arrow. Something hits you.
You shoot an arrow. Something hits you but does no damage.
You shoot an arrow. Something hits you.
You shoot an arrow. Something hits you but does no damage.
You shoot an arrow.
You hear some strange, mumbled words.
You are confused.
You shoot an arrow. Something hits you.
You die...

.........##
.........###
......##...##
###..# ###..##
#.. ##...###
....
.#......####
#.
.........#...#
#.......##...#
##.#.#..{@..##
...####.))###
#.. #..... #.
#......
.........
........###
....###..#
.... #..#


There were no monsters in sight!

Vanquished Creatures
  Grinder (D:3)
  An orc priest (D:4)
  Terence (D:1)
  An orc wizard (D:4)
  6 adders
  4 worms
  2 dart slugs (D:1)
  3 orcs
  4 ball pythons
  7 endoplasms
  8 giant cockroaches
  2 hobgoblins
  5 jackals
  5 quokkas
  3 bats (D:1)
  6 goblins
  8 kobolds
  6 rats
73 creatures vanquished.

Notes
Turn   | Place    | Note
-------+----------+-------------------------------------------
     0 | D:1      | qw the Gargoyle Hunter began the quest for the Orb.
     0 | D:1      | Reached XP level 1. HP: 12/12 MP: 1/1
     0 | D:1      | 0 ||| qw: Version: 0.2-a-29-g511e9b1
     0 | D:1      | 0 ||| qw: Game counter: 5676
     0 | D:1      | 0 ||| qw: Always use a shield: true
     0 | D:1      | 0 ||| qw: God list: Okawaru
     0 | D:1      | 0 ||| qw: Allow faded altars: false
     0 | D:1      | 0 ||| qw: Do Orc after D:15 true
     0 | D:1      | 0 ||| qw: Do second Lair branch before Depths: true
     0 | D:1      | 0 ||| qw: Lair rune preference: random
     0 | D:1      | 0 ||| qw: Plans: Normal, Zot:1-4, Slime:5, God:TSO, Crypt,
                  | Tomb, Abyss, Pan, Hells, Win
     0 | D:1      | 0 ||| PLANNING D:1-11
     0 | D:1      | Found Buam's Armour Emporium.
    18 | D:1      | 18 ||| SHOPLISTING +0 helmet (63 gold, have 9).
    18 | D:1      | 18 ||| SHOPLISTING +2 cloak (231 gold, have 9).
   102 | D:1      | Reached XP level 2. HP: 17/17 MP: 2/2
   413 | D:1      | Reached XP level 3. HP: 21/21 MP: 3/3
   764 | D:1      | 764 ||| UPGRADING to +0 helmet.
   769 | D:1      | 769 ||| READING scroll labelled SASEIN ZEHIEDADESCH.
   772 | D:1      | 772 ||| READING scroll labelled XYRIUTZUOQE.
   773 | D:1      | 773 ||| READING scroll labelled KIAZITO KOQI.
   774 | D:1      | 774 ||| DROPPING scroll of butterflies.
   817 | D:2      | Noticed Terence
   824 | D:2      | 824 ||| STAIRDANCE
   831 | D:1      | Reached skill level 5 in Ranged Weapons
   839 | D:1      | Killed Terence
   840 | D:1      | Reached skill level 3 in Fighting
   840 | D:1      | Reached XP level 4. HP: 11/28 MP: 4/4
   911 | D:1      | 911 ||| UPGRADING to +0 ring mail.
   921 | D:1      | 921 ||| DROPPING +0 leather armour.
   926 | D:2      | 926 ||| STAIRDANCE
   980 | D:2      | 980 ||| STAIRDANCE
  1051 | D:2      | Reached skill level 1 in Armour
  1838 | D:2      | 1838 ||| UPGRADING to +0 cloak.
  1843 | D:2      | 1843 ||| DROPPING scarf of harm.
  1844 | D:2      | 1844 ||| UPGRADING to +0 pair of boots.
  1849 | D:2      | 1849 ||| DRINKING 2 grey potions.
  1889 | D:3      | Reached XP level 5. HP: 32/32 MP: 5/5
  1889 | D:3      | Noticed Grinder
  1897 | D:3      | Paralysed by Grinder for 2 turns
  1903 | D:3      | Killed Grinder
  1904 | D:3      | Reached skill level 7 in Ranged Weapons
  1904 | D:3      | Reached XP level 6. HP: 24/37 MP: 6/6
  1985 | D:3      | Identified the +4 leather armour of the Centipede {Dex+3}
  2141 | D:3      | Found Zin's Purification Station.
  2144 | D:3      | Found a glowing silver altar of Zin.
  2149 | D:3      | 2149 ||| BUYING potion of curing (90 gold).
  2149 | D:3      | Bought a potion of curing for 90 gold pieces
  2381 | D:3      | 2381 ||| UPGRADING to +4 leather armour of the Centipede
                  | {Dex+3}.
  2391 | D:3      | 2391 ||| DROPPING +0 ring mail.
  2392 | D:3      | 2392 ||| READING scroll labelled NIESO JEIF.
  2393 | D:3      | 2393 ||| READING scroll labelled XEISTR XOYBIUM.
  2394 | D:3      | 2394 ||| READING scroll labelled TOATONNAXU.
  2561 | D:4      | 2561 ||| DRINKING 3 potions of curing.
  2561 | D:4      | 2561 ||| (to cure confusion)
  2566 | D:4      | 2566 ||| DRINKING 2 potions of curing.
  2566 | D:4      | 2566 ||| (to cure confusion)
  2567 | D:4      | 2567 ||| DRINKING potion of curing.
  2567 | D:4      | 2567 ||| (to cure confusion)
  2590 | D:4      | HP: 4/38 [something/puff of flame (7)]
  2596 | D:4      | Slain by an orc wizard

Levels and vault maps discovered:
D:1:      eino_arrival_druids_welcome, layout_rooms, serial_shops, shop,
          grunt_decor_clamped, lemuel_flame_loot_1
D:2:      layout_basic, minmay_misc_feat_hallway, minmay_tiny_reverse_x,
          uniq_terence
D:3:      layout_rooms, zin_purify, kennysheep_generic_room_8, uniq_grinder
D:4:      layout_cave_pools, kennysheep_potato

Skill      XL: |  1  2  3  4  5  6 |
---------------+-------------------+-----
Ranged Weapons | 5 7 |  7.1
Fighting       | 3 4 |  4.0
Armour         | 1 |  1.7
Dodging        | |  1.5
Stealth        | |  1.1

Action                     |  1- 3 |  4- 6 || total
---------------------------+-------+-------++-------
   Fire: Shortbow          |    71 |   204 ||   275
    Use: Scroll            |     3 |     3 ||     6
         Potion            |       |     4 ||     4
 Armour: Leather armour    |    15 |    40 ||    55
         Ring mail         |       |    45 ||    45
  Dodge: Dodged            |    26 |    59 ||    85

Table legend:
 A = Non-vault XP
 B = Vault XP
 C = Vault XP percentage of total XP
 D = Non-vault monster count
 E = Vault monster count
 F = Vault count percentage of total count
                 A         B        C        D         E       F
            +---------+---------+-------+---------+---------+-------
      Total |     283 |     304 |  51.8 |      68 |       5 |   6.8
            +---------+---------+-------+---------+---------+-------
        D:1 |      63 |      36 |  36.4 |      24 |       1 |   4.0
        D:2 |      58 |       3 |   4.9 |      16 |       2 |  11.1
        D:3 |      54 |     265 |  83.1 |      17 |       2 |  10.5
        D:4 |     108 |       0 |   0.0 |      11 |       0 |   0.0
            +---------+---------+-------+---------+---------+-------
